 Dungeon Crawl Stone Soup version 0.12.3 (webtiles) character file.

1136 Chiseanne the Ducker (level 8, -13/50 HPs)
             Began as a Halfling Assassin on Sept 28, 2013.
             Was a Follower of Ashenzari.
             Mangled by a hill giant skeleton (16 damage)
             ... on Level 7 of the Dungeon.
             The game lasted 00:42:25 (7393 turns).

Chiseanne the Ducker (Halfling Assassin)            Turns: 7393, Time: 00:42:25

HP -13/50        AC  7     Str  8      XL: 8   Next: 62%
MP   7/7         EV 22     Int  8 (11) God: Ashenzari [*.....]
Gold 7           SH  0     Dex 20      Spells:  0 memorised,  7 levels left

Res.Fire  : . . .   See Invis. : .   d - +4,+2 quarterstaff (chaos)
Res.Cold  : . . .   Warding    : .   j - +2 robe {MR}
Life Prot.: . . .   Conserve   : .   (no shield)
Res.Poison: .       Res.Corr.  : .   (no helmet)
Res.Elec. : .       Clarity    : .   B - +1 cloak {MR}
Sust.Abil.: . .     Spirit.Shd : .   b - +0 pair of gauntlets
Res.Mut.  : .       Stasis     : .   (no boots)
Res.Rott. : .       Ctrl.Telep.: .   (no amulet)
Saprovore : . . .   Flight     : .   (no ring)
                                     y - cursed ring of sustenance

@: hasted, very quick, quite resistant to hostile enchantments, very stealthy
A: mutation resistance 1, slow metabolism 1
a: Renounce Religion


You were on level 7 of the Dungeon.
You worshipped Ashenzari.
Ashenzari was pleased with you.
You were hungry.

You visited 2 branches of the dungeon, and saw 8 of its levels.

You collected 236 gold pieces.
You spent 279 gold pieces at shops.

Inventory:

Hand weapons
 a - a +2,+2 dagger {=f}
 c - a +1,+2 spear of distortion
 d - a +4,+2 quarterstaff of chaos (weapon)
 w - a +1 blowgun
Missiles
 e - 57 poisoned needles
 f - 63 sling bullets
 r - 3 steel darts (quivered)
 A - 14 darts of flame
 C - a curare-tipped needle
Armour
 b - a +0 pair of gauntlets (worn)
 j - a +2 robe of magic resistance (worn)
 B - a +1 cloak of magic resistance (worn)
Magical devices
 h - a wand of digging (14)
 u - a wand of magic darts (4)
Comestibles
 g - 3 bread rations
 k - 2 apples
 l - a lychee
 n - 2 meat rations
 p - a choko
 v - a pear
Scrolls
 m - 2 scrolls of identify
 o - 7 scrolls of remove curse
 q - 3 scrolls of blinking
 s - a scroll of teleportation
 x - 3 scrolls of magic mapping
Jewellery
 y - a cursed ring of sustenance (left hand)
Potions
 i - a potion of curing
Books
 z - a book of Summonings

   Spells                             Type                      Level
   Abjuration                         Summoning                    3
   Recall                             Summoning/Translocation      3
   Summon Elemental                   Summoning                    4
   Shadow Creatures                   Summoning                    5
   Summon Demon                       Summoning                    5
   Summon Ugly Thing                  Summoning                    6


   Skills:
 + Level 2.9 Fighting
 + Level 4.2 Short Blades
 + Level 6.0 Throwing
 * Level 7.8 Dodging
 * Level 6.6 Stealth
 - Level 2.0 Stabbing


You had 7 spell levels left.
You didn't know any spells.

Dungeon Overview and Level Annotations

Branches:
Dungeon (7/27)             Temple (1/1) D:5
    Orc: D:6-11

Altars:
Ashenzari
Cheibriados
Elyvilon
Fedhas
Kikubaaqudgha
Makhleb
Nemelex Xobeh
Okawaru
Sif Muna
Vehumet
Yredelemnul
Zin

Shops:
D:5: / D:6: *

Annotations
D:4 Zurvan's ghost, average MiBe


Innate Abilities, Weirdness & Mutations

You are small and have problems with some larger weapons.
You are somewhat resistant to further mutation.
You have a slow metabolism.


Message History

The hill giant skeleton seems to speed up.
The hill giant skeleton misses you.
The hill giant skeleton closely misses you.
You thump the hill giant skeleton!
The hill giant skeleton barely misses you.
You hit the hill giant skeleton.
The hill giant skeleton completely misses you.
The hill giant skeleton closely misses you.
You hit the hill giant skeleton.
The hill giant skeleton completely misses you.
The hill giant skeleton hits you!
You hit the hill giant skeleton.
The hill giant skeleton convulses.
The hill giant skeleton hits you!
* * * LOW HITPOINT WARNING * * *
The hill giant skeleton misses you. The hill giant skeleton hits you!
* * * LOW HITPOINT WARNING * * *
Drink which item? (? for menu, Esc to quit)
You feel yourself speed up. The hill giant skeleton hits you!
You die...

### ##+## #######...#
#.# ########...# #.#
#.....###.##
###.###.....# #.#
#......[....# #.#
#.....#...).# #.#
#..%.##.....# #.#
......#.#####.#####.#
######## #.Z@....#
#########


You could see a hill giant skeleton.

Vanquished Creatures
  2 sky beasts (D:5)
  2 ogres
  A giant frog (D:7)
  2 crimson imps
  A wight (D:7)
  3 hounds
  Crazy Yiuf (D:4)
  An orc priest (D:5)
  2 scorpions
  A worker ant (D:4)
  2 orc wizards
  Ijyb (D:2)
  Jessica (D:3)
  2 jellies
  6 adders
  3 gnolls (D:3)
  3 giant mites
  2 worms
  3 giant geckos
  3 oozes
  26 orcs
  10 goblins
  15 hobgoblins
  11 jackals
  10 kobolds
  5 quokkas
  6 bats
  5 giant cockroaches
  3 giant newts
  A kobold skeleton (D:4)
  10 rats
144 creatures vanquished.

Vanquished Creatures (others)
  A goblin (D:4)
1 creature vanquished.

Grand Total: 145 creatures vanquished

Notes
Turn   | Place    | Note
--------------------------------------------------------------
     0 | D:1      | Chiseanne, the Halfling Assassin, began the quest for the Orb.
     0 | D:1      | Reached XP level 1. HP: 13/13 MP: 0/0
    52 | D:1      | Reached XP level 2. HP: 1/18 MP: 1/1
   689 | D:1      | Reached XP level 3. HP: 23/23 MP: 2/2
  1220 | D:2      | Reached XP level 4. HP: 29/29 MP: 3/3
  1256 | D:2      | Noticed Ijyb
  1278 | D:2      | Killed Ijyb
  1313 | D:2      | Reached skill level 5 in Stealth
  1395 | D:2      | Reached XP level 5. HP: 34/34 MP: 4/4
  1800 | D:3      | Found a shattered altar of Ashenzari.
  1819 | D:3      | Became a worshipper of Ashenzari the Shackled
  2020 | D:3      | Noticed Jessica
  2032 | D:3      | Killed Jessica
  2155 | D:3      | Paralysed by a potion of paralysis for 5 turns
  2638 | D:4      | Reached XP level 6. HP: 39/39 MP: 5/5
  2745 | D:3      | Reached skill level 5 in Dodging
  3115 | D:4      | Found a burning altar of Makhleb.
  3155 | D:4      | Noticed an ogre
  3167 | D:4      | Killed an ogre
  3167 | D:4      | Reached XP level 7. HP: 45/45 MP: 6/6
  3195 | D:4      | Noticed Zurvan's ghost (average MiBe)
  3287 | D:4      | Found a blossoming altar of Fedhas.
  3328 | D:4      | Noticed Crazy Yiuf
  3354 | D:4      | Killed Crazy Yiuf
  3354 | D:4      | Reached skill level 6 in Dodging
  3708 | D:5      | Entered Level 5 of the Dungeon
  3708 | D:5      | Found Kegit's Magical Wand Shoppe.
  4684 | D:5      | Found a staircase to the Ecumenical Temple.
  4694 | Temple   | Entered the Ecumenical Temple
  4960 | D:5      | Found a deep blue altar of Sif Muna.
  5091 | D:5      | Found a sparkling altar of Nemelex Xobeh.
  5465 | D:5      | Reached skill level 7 in Dodging
  5465 | D:5      | Reached XP level 8. HP: 34/50 MP: 7/7
  6274 | D:5      | Reached skill level 5 in Throwing
  6572 | D:6      | Found Sicosm's Assorted Antiques.
  6579 | D:6      | Bought a scroll of remove curse for 93 gold pieces
  6579 | D:6      | Bought a scroll labeled ULOOCAL ISHIAXT for 31 gold pieces
  6579 | D:6      | Bought a scroll of remove curse for 93 gold pieces
  6579 | D:6      | Bought a scroll of identify for 62 gold pieces
  7366 | D:7      | Noticed a hill giant skeleton
  7393 | D:7      | Mangled by a hill giant skeleton

Action                   |  1- 3 |  4- 6 |  7- 9 || total
-------------------------+-------+-------+-------++-------
Melee: Dagger            |   114 |   198 |    77 ||   389
       Quarterstaff      |       |       |    43 ||    43
 Fire: Blowgun           |       |    47 |   144 ||   191
Throw: Dart              |     3 |     7 |     4 ||    14
       Spear             |       |       |     1 ||     1
Evoke: Wand              |       |       |     8 ||     8
  Use: Potion            |     2 |     3 |     6 ||    11
       Scroll            |       |     9 |     5 ||    14
 Stab: Sleeping          |     2 |     7 |     3 ||    12
